 Dungeon Crawl Stone Soup version 0.27-a0-773-gaaee5cf45b (webtiles) character file.

Game seed: 2079716784114812979

123 porpoise the Conjurer (level 4, 0/24 HPs)
             Began as a Deep Elf Conjurer on Mar 26, 2021.
             Slain by Grinder (3 damage)
             ... on level 3 of the Dungeon.
             The game lasted 00:08:02 (2693 turns).

porpoise the Conjurer (Deep Elf Conjurer)           Turns: 2693, Time: 00:08:03

Health: 0/24       AC:  2    Str:  4    XL:     4   Next: 80%
Magic:  8/13       EV: 12    Int: 24    God:
Gold:   124        SH:  0    Dex: 13    Spells: 10/13 levels left

rFire    . . .     SeeInvis .   b - +0 hunting sling
rCold    . . .     Faith    .   (no shield)
rNeg     . . .     Spirit   .   i - +0 robe
rPois    .         Reflect  .   (no helmet)
rElec    .         Harm     .   (no cloak)
rCorr    .         Rampage  .   (no gloves)
Will     .....                  (no boots)
Stlth    ++........             j - amulet of regeneration
HPRegen  1.08/turn              g - ring of flight
MPRegen  0.13/turn              (no ring)

@: no status effects
A: no striking features
a: Evoke Flight


You were on level 3 of the Dungeon.
You visited 1 branch of the dungeon, and saw 3 of its levels.

You collected 124 gold pieces.

Inventory:

Hand Weapons
 a - a +0 short sword
 b - a +0 hunting sling (weapon)
Missiles
 c - 26 sling bullets (quivered ammo)
 e - 61 stones
 k - 22 poisoned darts
Armour
 i - a +0 robe (worn)
Magical Staves
 l - a staff of earth
Jewellery
 g - a ring of flight (right hand)
 j - an amulet of regeneration (around neck)
Wands
 f - a wand of random effects (8)
Scrolls
 d - 4 scrolls of identify {unknown}
 h - 2 scrolls of teleportation {unknown}
 m - a scroll of brand weapon {unknown}


   Skills:
 - Level 2.4 Dodging
 - Level 2.4 Stealth
 - Level 5.0 Spellcasting
 + Level 5.9 Conjurations


You had 10 spell levels left.
You knew the following spells:

 Your Spells              Type           Power      Damage    Failure   Level
a - Magic Dart            Conj           100%       1d8       1%          1
b - Searing Ray           Conj           68%        3d5       1%          2

Your spell library contained the following spells:

 Spells                   Type           Power      Damage    Failure   Level
 Dazzling Flash           Conj/Hex       40%        N/A       8%          3
 Animate Skeleton         Necr           12%        N/A       9%          1
 Apportation              Tloc           12%        N/A       9%          1
 Corona                   Hex            6%         N/A       9%          1
 Summon Small Mammal      Summ           24%        N/A       9%          1
 Fulminant Prism          Conj/Hex       10%        3d9       26%         4
 Iskenderun's Mystic Bla  Conj/Tloc      20%        2d6       26%         4


Dungeon Overview and Level Annotations

Branches:
Dungeon (3/15)

Altars:

Annotations:
D:3 Grinder


Message History

The searing ray hits the worm!
The worm is heavily wounded. (Press . to maintain the ray.)
The searing ray hits the worm.
The worm is almost dead.
The searing ray hits the worm!
You kill the worm!
You now have 107 gold pieces (gained 9).
You start resting.
Magic restored.
You now have 115 gold pieces (gained 8).
Found a stone staircase leading up.
There is a stone staircase leading up here.
Found a stone staircase leading down.
There is a stone staircase leading down here.
There is a stone staircase leading down here.
You now have 124 gold pieces (gained 9).
k - 22 poisoned darts Grinder comes into view.
Casting: Searing Ray (safe; 1% risk of failure)
Confirm with . or Enter, or press ? or * to list all spells.
Aiming: Searing Ray (safe; 1% risk of failure)
Press: ? - help, Shift-Dir - straight line, f - Grinder
Aim: Grinder (asleep, 0% to evade)
The searing ray hits Grinder!
Grinder is moderately wounded.
Grinder shouts! (Press . to maintain the ray.)
The searing ray hits Grinder!
Grinder is heavily wounded.
Grinder hits you!
The searing ray hits Grinder!
Grinder is severely wounded.
Grinder hits you.
The searing ray hits Grinder.
Grinder is severely wounded.
You finish channeling your searing ray.
Grinder hits you!
* * * LOW HITPOINT WARNING * * *
You writhe in agony.
You die...

#####.# ##### #.#
......# #.#####
####### #.....#
#### ######.# ...#
#......# .#.#####
# #.#.######
.......#
#.####.#.#
##.###.#
#..5.#.#.# ...#
#.#########@#.#.#
####
#.##........#.#.#
#.....####..#.#.#
####..#.....#.#.##
#..#.##.##.#..#
###....>...##.#
#####.#####.#
#.....#####.#
#####..<....#


You could see Grinder.

Vanquished Creatures
  An orc wizard (D:3)
  3 adders (D:2)
  A worm (D:3)
  2 dart slugs (D:1)
  5 orcs (D:3)
  4 endoplasms
  A giant cockroach (D:2)
  3 goblins
  4 hobgoblins
  4 jackals (D:2)
  6 quokkas
  7 ball pythons
  3 bats (D:1)
  5 frilled lizards
  5 kobolds
  5 rats
59 creatures vanquished.

Notes
Turn   | Place    | Note
-------+----------+-------------------------------------------
     0 | D:1      | porpoise the Deep Elf Conjurer began the quest for the Orb.
     0 | D:1      | Reached XP level 1. HP: 10/10 MP: 6/6
   258 | D:1      | Reached XP level 2. HP: 5/15 MP: 0/8
   448 | D:1      | Learned a level 2 spell: Searing Ray
  1205 | D:1      | Reached skill level 5 in Conjurations
  1205 | D:1      | Reached XP level 3. HP: 19/19 MP: 5/10
  1740 | D:2      | Reached XP level 4. HP: 20/24 MP: 2/12
  2374 | D:3      | Reached skill level 5 in Spellcasting
  2689 | D:3      | Noticed Grinder
  2693 | D:3      | Slain by Grinder

Illustrated notes

Levels and vault maps discovered:
D:1:      ebering_hopf_link, layout_basic, grunt_decor_cap, serial_park_tiny_1
D:2:      layout_loops_ring, minmay_misc_feat_doors
D:3:      layout_basic, grunt_ministairs_8, chequers_serial_rivers_small_3,
          minmay_unequal, uniq_robin, uniq_grinder

Skill      XL: |  1  2  3  4 |
---------------+-------------+-----
Spellcasting   | 4 5 |  5.0
Conjurations   | 5 |  5.9
Dodging        | |  2.4
Stealth        | |  2.4

Action                   |  1- 3 |  4- 6 || total
-------------------------+-------+-------++-------
Melee: Flail             |     5 |       ||     5
 Fire: Hunting sling     |     3 |     4 ||     7
 Cast: Magic Dart        |    47 |     1 ||    48
       Searing Ray       |    11 |    12 ||    23
  Use: Potion            |       |     2 ||     2
Armor: Robe              |     1 |       ||     1
Dodge: Dodged            |    11 |       ||    11

Table legend: (Time is in decaauts)
 A = Elapsed time spent in this place.
 B = Non-inter-level travel time spent in this place.
 C = Inter-level travel time spent in this place.
 D = Time resting spent in this place.
 E = Time spent auto-exploring this place.
 F = Levels seen in this place.
 G = Mean time per level.
                   A        B        C        D        E       F      G
               +--------+--------+--------+--------+--------+-----+--------+
         Total |   2693 |   2663 |     30 |    995 |   1371 |   3 |  897.7 |
       Dungeon |   2693 |   2663 |     30 |    995 |   1371 |   3 |  897.7 |
               +--------+--------+--------+--------+--------+-----+--------+

Top non-repeatable levels by time:
     D:1: 1287 daAuts
     D:2: 930 daAuts
     D:3: 476 daAuts
